 Dungeon Crawl Stone Soup version 0.21.1-1-g345015fe64 (webtiles) character file.

114 Revguard the Grave Robber (level 4, -3/32 HPs)
             Began as a Vampire Necromancer on June 13, 2018.
             Slain by Sigmund
             ... wielding a +0 scythe
              (7 damage)
             ... on level 3 of the Dungeon.
             The game lasted 00:15:12 (2831 turns).

Revguard the Grave Robber (Vampire Necromancer)     Turns: 2831, Time: 00:15:12

Health: -3/32      AC:  2    Str:  7    XL:     4   Next: 67%
Magic:  0/8        EV: 13    Int: 17    God:
Gold:   149        SH:  0    Dex: 15    Spells: 3/8 levels left

rFire    . . .     SeeInvis +   f - +0 dagger
rCold    + . .     Gourm    .   (no shield)
rNeg     + + .     Faith    .   a - +0 robe
rPois    +         Spirit   .   (no helmet)
rElec    .         Reflect  .   (no cloak)
rCorr    +         Harm     .   (no gloves)
MR       .....                  (no boots)
Stlth    ++++......             (no amulet)
HPRegen  0.05/turn              g - ring of resist corrosion
MPRegen  0.11/turn              (no ring)

@: regenerating slowly
A: fangs 3, see invisible, unbreathing
a: Bat Form


You were on level 3 of the Dungeon.
You were near bloodless.

You visited 1 branch of the dungeon, and saw 3 of its levels.

You collected 149 gold pieces.

Inventory:

Hand Weapons
 f - a +0 dagger (weapon)
Armour
 a - a +0 robe (worn)
Jewellery
 c - an uncursed ring of ice {unknown}
 g - a ring of resist corrosion (left hand)
Scrolls
 d - 2 scrolls of immolation {unknown}
 e - 3 scrolls of identify
 i - 2 scrolls of blinking
 j - a scroll of enchant weapon {unknown}
 m - 2 scrolls of teleportation {unknown}
 o - a scroll of magic mapping {unknown}
Potions
 h - 3 potions of curing
 k - a potion of heal wounds {unknown}
 l - a potion of might {unknown}
 n - a potion of blood
Books
 b - a book of Necromancy

   Spells                             Type                      Level
   a - Pain                           Necromancy                   1
   b - Animate Skeleton               Necromancy                   1
   c - Vampiric Draining              Necromancy                   3
   d - Regeneration                   Charms/Necromancy            3
   e - Animate Dead                   Necromancy                   4
   f - Borgnjor's Vile Clutch         Necromancy/Earth             5


   Skills:
 - Level 1.2 Fighting
 * Level 1.4 Short Blades
 + Level 2.3 Dodging
 * Level 4.4 Stealth
 + Level 2.8 Spellcasting
 - Level 5.0 Necromancy


You had 3 spell levels left.
You knew the following spells:

 Your Spells              Type           Power        Failure   Level  Hunger
a - Pain                  Necr           ###.         2%          1    #......
b - Animate Skeleton      Necr           N/A          2%          1    #......
c - Vampiric Draining     Necr           ###.......   7%          3    ###....


Dungeon Overview and Level Annotations

Branches:
Dungeon (3/15)

Altars:

Annotations:
D:3 Sigmund


Innate Abilities, Weirdness & Mutations

You heal slowly.
You have razor-sharp teeth.
You have supernaturally acute eyesight. (SInv)
You can survive without breathing.


Message History

Sigmund says, "Look into my eyes."
Sigmund casts a spell at you. The puff of flame misses you.
You closely miss Sigmund.
Sigmund is almost dead.
Sigmund barely misses you.
You hit Sigmund but do no damage.
Sigmund is almost dead.
You hit Sigmund but do no damage.
Sigmund is almost dead.
Sigmund points at you and mumbles some strange words.
The puff of flame hits you!
* * * LOW HITPOINT WARNING * * *
Casting: Pain
Confirm with . or Enter, or press ? or * to list all spells.
Aiming: Pain
Press: ? - help, Shift-Dir - straight line, f/p - Sigmund
Aim: Sigmund, wielding a scythe and wearing a robe (almost dead, slightly transparent, chance to defeat MR: 84%) Sigmund writhes in agony!
Sigmund hits you with a scythe!
You die...

#..#.....
##..............
#..##.............
#.###.............
#.# #.............
#<###..........<..
#.##..............
##.##....Z.........
##..%.....@@........
#.........)..!......
#..........###.###...
#..........# .#
..................
...............##.##
..............## ..
..............>. ..
...........###.# #.


You could see Sigmund (invisible) and a friendly hobgoblin skeleton.

Vanquished Creatures
  Jessica (D:2)
  3 adders
  2 oozes (D:1)
  2 worms (D:2)
  2 dart slugs
  A leopard gecko (D:1)
  4 bats
  4 giant cockroaches
  4 goblins
  4 hobgoblins
  10 kobolds
  2 quokkas (D:2)
  A ball python (D:1)
  2 frilled lizards
  5 rats
47 creatures vanquished.

Vanquished Creatures (collateral kills)
  A dart slug (D:1)
  A kobold (D:1)
  A frilled lizard (D:1)
3 creatures vanquished.

Grand Total: 50 creatures vanquished

Notes
Turn   | Place    | Note
-------+----------+-------------------------------------------
     0 | D:1      | Revguard the Vampire Necromancer began the quest for the Orb.
     0 | D:1      | Reached XP level 1. HP: 13/13 MP: 3/3
     7 | D:1      | Learned a level 1 spell: Animate Skeleton
   308 | D:1      | Reached XP level 2. HP: 11/20 MP: 0/5
   310 | D:1      | Reached skill level 1 in Fighting
  1100 | D:1      | Reached XP level 3. HP: 24/26 MP: 4/6
  1411 | D:2      | Learned a level 3 spell: Vampiric Draining
  1622 | D:2      | Reached skill level 1 in Short Blades
  1707 | D:2      | Noticed Jessica
  1721 | D:2      | Killed Jessica
  1721 | D:2      | Reached XP level 4. HP: 15/32 MP: 1/7
  1954 | D:2      | Reached skill level 5 in Necromancy
  2780 | D:3      | Noticed Sigmund
  2831 | D:3      | Slain by Sigmund

Skill      XL: |  1  2  3  4 |
---------------+-------------+-----
Fighting       | 1 |  1.2
Short Blades   | 1 |  1.4
Stealth        | 4 |  4.4
Necromancy     | 5 |  5.0
Dodging        | |  2.3
Spellcasting   | |  2.8

Action                   |  1- 3 |  4- 6 || total
-------------------------+-------+-------++-------
Melee: Unarmed           |     9 |       ||     9
       Bite              |     3 |     3 ||     6
       Dagger            |    57 |    46 ||   103
 Cast: Pain              |    35 |    11 ||    46
       Animate Skeleton  |    11 |     2 ||    13
       Vampiric Draining |     1 |     7 ||     8
  Use: Scroll            |     3 |       ||     3
       Potion            |     1 |     2 ||     3
 Stab: Sleeping          |     4 |     4 ||     8
Armor: Robe              |    13 |     7 ||    20
Dodge: Dodged            |    47 |    34 ||    81
